 Dungeon Crawl Stone Soup version 0.14.1-3-gd16b60d (webtiles) character file.

23 Badjas the Skirmisher (level 2, -1/27 HPs)
             Began as a Hill Orc Fighter on May 18, 2014.
             Slain by an ice beast (3 damage)
             ... on Level 5 of the Dungeon.
             The game lasted 00:02:56 (603 turns).

Badjas the Skirmisher (Hill Orc Fighter)             Turns: 603, Time: 00:02:56

HP  -1/27        AC  6     Str 18      XL: 2   Next: 62%
MP   2/2         EV  6     Int  8      God:
Gold 6           SH 18     Dex 10      Spells:  0 memorised,  1 level left

rFire  . . .     SeeInvis .     a - +1,+0 flail
rCold  . . .     Clarity  .     b - +0 scale mail
rNeg   . . .     Conserve .     c - +0 shield
rPois  .         rCorr    .     (no helmet)
rElec  .         rRot     .     (no cloak)
SustAb . .       Spirit   .     (no gloves)
rMut   .         Warding  .     (no boots)
Saprov + . .     Stasis   .     (no amulet)
MR     .....                    (no ring)
                                (no ring)

@: about to teleport, not resistant to hostile enchantments, extremely
unstealthy
A: saprovore 1
a: no special abilities


You were on level 5 of the Dungeon.
You were not hungry.

You visited 1 branch of the dungeon, and saw 5 of its levels.

You collected 6 gold pieces.

Inventory:

Hand weapons
 a - a +1,+0 flail (weapon)
Missiles
 j - 6 curare-tipped needles
Armour
 b - a +0 scale mail (worn)
 c - a +0 shield (worn)
Magical devices
 g - a wand of magic darts (10) {unknown}
Comestibles
 d - a meat ration
 m - a pear
 n - a rotting chunk of bat flesh
 o - a bread ration
Potions
 e - a potion of might
 f - 2 potions of lignification {unknown}
Books
 l - a book of Battle

   Spells                             Type                      Level
   Infusion                           Charms                       1
   Shroud of Golubria                 Charms/Translocation         2
   Song of Slaying                    Charms                       2
   Spectral Weapon                    Hexes/Charms                 3
   Regeneration                       Charms/Necromancy            3


   Skills:
 + Level 4.1 Fighting
 + Level 2.1 Maces & Flails
 + Level 3.6 Armour
 + Level 0.1 Dodging
 + Level 3.4 Shields


You had one spell level left.
You didn't know any spells.

Dungeon Overview and Level Annotations

Branches:
Dungeon (5/15)
 Temple: D:4-7

Altars:
Vehumet

Annotations:
D:4 Prince Ribbit


Innate Abilities, Weirdness & Mutations

You can tolerate rotten meat.


Message History

You block the black bear's attack. The black bear claws you.
The black bear claws you. The ice beast closely misses you.
Read which item? (? for menu, Esc to quit)
As you read the scroll labeled MIADWEESAT, it crumbles to dust.
You feel strangely unstable.
It was a scroll of teleportation.
The black bear bites you. You block the black bear's attack.
The black bear claws you but does no damage.
The ice beast hits you. The ice beast freezes you!
Ouch! That really hurt!
* * * LOW HITPOINT WARNING * * *
One of your 3 black potions freezes and shatters!
Read which item? (? for menu, Esc to quit)
As you read the scroll labeled ISUNLEIDDU, it crumbles to dust.
It is a scroll of enchant weapon I.
Enchant which weapon? (? for menu, Esc to quit)
Your +0,+0 flail glows green for a moment.
You block the black bear's attack.
The black bear claws you but does no damage. x2
The ice beast hits you.
You die...

$######...####...
#....$..... #...####...
#...# .. ### #...# . ....
#...# ..$.. ##.##
...(...#########.####
....a.sU@I..........#####
.......#########.........
..... #....##### ....
#....# # ... #.#### # .
#.# # #########.########
.........<........
#########.########


You could see a black bear, an ice beast, a scorpion and a worker ant.

Vanquished Creatures
  3 orcs (D:3)
  A ball python (D:1)
  3 hobgoblins
  A quokka (D:5)
  2 bats
  A giant gecko (D:1)
  A kobold (D:4)
  An orc skeleton (D:5)
13 creatures vanquished.

Notes
Turn   | Place    | Note
--------------------------------------------------------------
     0 | D:1      | Badjas, the Hill Orc Fighter, began the quest for the Orb.
     0 | D:1      | Reached XP level 1. HP: 19/19 MP: 1/1
   143 | D:3      | Found a radiant altar of Vehumet.
   144 | D:3      | Reached XP level 2. HP: 27/27 MP: 2/2
   160 | D:3      | Reached skill level 4 in Fighting
   339 | D:5      | Entered Level 5 of the Dungeon
   403 | D:4      | Noticed Prince Ribbit
   583 | D:5      | Noticed an ice beast
   597 | D:5      | Noticed a black bear
   597 | D:5      | Noticed a scorpion
   603 | D:5      | Slain by an ice beast

Action                   || total
-------------------------++-------
Melee: Flail             ||    53
  Use: Scroll            ||     3
